 Seeded DCSS version 0.28.0-62-gf88900778d (webtiles) character file.

Game seed: 11237219547259039194 (custom seed)

212 cbfl8 the Skirmisher (level 5, -1/42 HPs)
             Began as a Demonspawn Fighter on July 1, 2023.
             Succumbed to an adder's poison
             ... in a sewer.
             The game lasted 00:02:41 (3022 turns).

cbfl8 the Skirmisher (Demonspawn Fighter)           Turns: 3022, Time: 00:02:41

Health: -1/42      AC: 13    Str: 16    XL:     5   Next: 58%
Magic:  5/5        EV:  0    Int: 10    God:
Gold:   60         SH: 13    Dex: 14    Spells: 4/4 levels left

rFire   + + .      SeeInvis .   a - +0 war axe
rCold   + + .      Faith    .   i - +0 kite shield
rNeg    . . .      Spirit   .   h - +0 gold dragon scales
rPois   +          Reflect  .   (helmet restricted)
rElec   +          Harm     .   (no cloak)
rCorr   +          Rampage  .   (no gloves)
Will    .....                   (no boots)
Stlth   ..........              (no amulet)
HPRegen 0.14/turn               (no ring)
MPRegen 0.09/turn               (no ring)

@: lethally poisoned (-1 -> -5), resistant, weak-willed, very slow
A: horns 1, powered by pain 1, condensation shield
a: no special abilities


You were in a sewer.
You visited 1 branch of the dungeon, and saw 3 of its levels.
You also visited: Sewer.

You collected 60 gold pieces.

Inventory:

Hand Weapons
 a - a +0 war axe (weapon)
Armour
 h - +0 gold dragon scales (worn)
 i - a +0 kite shield (worn)
Scrolls
 e - a scroll of enchant weapon
Potions
 f - a potion of resistance


   Skills:
 + Level 3.8 Fighting
 + Level 3.4 Axes
 + Level 3.3 Armour
 + Level 0.1 Dodging
 + Level 3.2 Shields
 * Level 1.9 Evocations


You had 4 spell levels left.
You didn't know any spells.
Your spell library was empty.

Dungeon Overview and Level Annotations

Branches:
Dungeon (3/15)              Sewer (1/1)

Altars:


Innate Abilities, Weirdness & Mutations

You have a pair of small horns on your head.
You sometimes gain a little power by taking damage.
A meltable shield of frost defends you. (SH +4)


Message History

The adder bites you but does no damage. You block the adder's attack.
The adder bites you but does no damage. The adder bites you but does no damage.
The adder bites you.
* * * LOW HITPOINT WARNING * * *
You block the adder's attack.
As you read the scroll labelled DOISUT UDD, it crumbles to dust.
Magic quickly surges around you.
It was a scroll of vulnerability.
The adder bites you but does no damage. The adder bites you.
* * * LOW HITPOINT WARNING * * *
The adder bites you but does no damage. You block the adder's attack.
Unknown command.
As you read the scroll of fog, it crumbles to dust.
The scroll dissolves into smoke.
The adder bites you but does no damage. x2
You block the adder's attack. x2
You block the adder's attack. The adder bites you but does no damage.
You block the adder's attack.
You enter the shallow water.
Moving in this stuff is going to be slow.
You block the frilled lizard's attack. The adder bites you but does no damage.
You block the adder's attack. The adder bites you but does no damage.
You block the adder's attack.
The frilled lizard bites you but does no damage.
You block the adder's attack. The adder bites you but does no damage.
Things that are here:
a rat corpse; a river rat corpse You block the adder's attack.
The adder bites you but does no damage. x2
You block the adder's attack. You block the frilled lizard's attack.
You block the adder's attack. The adder bites you.
* * * LOW HITPOINT WARNING * * *
You block the adder's attack. The adder bites you but does no damage.
The adder bites you but does no damage. You block the adder's attack.
You block the frilled lizard's attack. You block the adder's attack.
Why would you want to do that? The adder bites you.
* * * LOW HITPOINT WARNING * * *
You are lethally poisoned!
The adder poisons you!
The adder bites you but does no damage. x2
You block the adder's attack.
You die...

#....####################
##...## #..r.# #....+ #...##
##.§§##
#§§§§####################
#§§§§§#≈≈≈≈≈≈≈≈.≈≈≈≈≈≈#.###
#§§§§§≈≈≈≈S≈@≈≈≈≈≈≈#≈≈≈...##
#.§§§§≈≈≈lS≈#≈≈≈≈≈≈≈≈≈≈....#
##§§..≈†≈rSr≈≈≈≈≈≈≈≈≈≈≈....#
##...≈≈†≈≈≈≈≈≈≈≈≈≈≈≈≈≈....##
###.#≈≈≈≈≈≈≈≈≈≈≈≈≈≈≈#.....#
####################....#
##...# ##... #...


You could see 3 adders, a river rat (weak-willed), a frilled lizard
(weak-willed) and a rat (weak-willed).

Vanquished Creatures
  4 gnolls (D:2)
  4 adders
  5 river rats (Sewer)
  4 worms
  2 dart slugs (D:1)
  An orc (D:3)
  6 ball pythons
  9 endoplasms
  2 giant cockroaches
  3 goblins (D:1)
  A hobgoblin (D:3)
  7 jackals (D:1)
  6 kobolds
  2 quokkas (D:3)
  4 bats
  3 frilled lizards
  23 rats
86 creatures vanquished.

Notes
Turn   | Place    | Note
-------+----------+-------------------------------------------
     0 | D:1      | cbfl8 the Demonspawn Fighter began the quest for the Orb.
     0 | D:1      | Reached XP level 1. HP: 18/18 MP: 1/1
   210 | D:1      | Gained mutation: A meltable shield of frost defends you.
                  | (SH +4) [demonic ancestry]
   210 | D:1      | Reached XP level 2. HP: 22/24 MP: 2/2
   568 | D:1      | Gained mutation: You have a pair of small horns on your
                  | head. [demonic ancestry]
   568 | D:1      | Reached XP level 3. HP: 28/29 MP: 3/3
  1509 | D:2      | Reached skill level 1 in Evocations
  1509 | D:2      | Reached XP level 4. HP: 28/35 MP: 4/4
  1749 | D:2      | Found a faded altar of an unknown god.
  2399 | D:3      | Found a glowing drain.
  2403 | Sewer    | Entered a sewer
  2494 | Sewer    | Gained mutation: You sometimes gain a little power by
                  | taking damage. [demonic ancestry]
  2494 | Sewer    | Reached XP level 5. HP: 37/42 MP: 5/5
  3021 | Sewer    | HP: 1/42 [adder (3)]
  3022 | Sewer    | Succumbed to an adder's poison

Illustrated notes

Levels and vault maps discovered:
D:1:      dpeg_arrival_rooms_a, layout_basic
D:2:      layout_loops_ring, ebering_ecumenical_altar_abandoned
D:3:      layout_rooms, gup_sewer_entry_spiral, minmay_starry_boxes
Sewer:    sewer_minmay_w

Skill      XL: |  1  2  3  4 |
---------------+-------------+-----
Armour         | 3 |  3.3
Axes           | 2 3 |  3.4
Shields        | 3 |  3.2
Evocations     | 1 |  1.9
Fighting       | |  3.8
Dodging        | |  0.1

Action                   |  1- 3 |  4- 6 || total
-------------------------+-------+-------++-------
Melee: War axe           |   117 |   125 ||   242
       Headbutt          |     5 |    27 ||    32
  Use: Scroll            |     2 |     2 ||     4
       Potion            |       |     2 ||     2
Armor: Scale mail        |    27 |       ||    27
       Gold dragon scale |    62 |   139 ||   201
Dodge: Dodged            |    25 |     6 ||    31
Block: Buckler           |    49 |    17 ||    66
       Kite shield       |       |   123 ||   123
